 Dungeon Crawl Stone Soup version 0.23-a0-175-g97aacdb (webtiles) character file.

5 iamserjio the Magician (level 1, 0/12 HPs)
             Began as an Octopode Wanderer on Sept 17, 2018.
             Slain by a kobold
             ... wielding a +0 whip
              (6 damage)
             ... on level 1 of the Dungeon.
             The game lasted 00:01:07 (236 turns).

iamserjio the Magician (Octopode Wanderer)           Turns: 236, Time: 00:01:07

Health: 0/12       AC:  1    Str:  9    XL:     1   Next: 80%
Magic:  6/6        EV: 12    Int: 15    God:
Gold:   14         SH:  0    Dex: 12    Spells: 9/10 levels left

rFire    . . .     SeeInvis .   a - +2 dagger
rCold    . . .     Gourm    .   (no shield)
rNeg     . . .     Faith    .   (helmet restricted)
rPois    .         Spirit   .   (no amulet)
rElec    .         Reflect  .   (no ring)
rCorr    .         Harm     .   (no ring)
MR       .....                  (no ring)
Stlth    +++.......             (no ring)
HPRegen  0.04/turn              (no ring)
MPRegen  0.10/turn              (no ring)
                                (no ring)
                                (no ring)

@: no status effects
A: almost no armour, stealthy swim, amphibious, 8 rings, constrict 8, camouflage
1, gelatinous body 1
a: no special abilities


You were on level 1 of the Dungeon.
You were not hungry.

You visited 1 branch of the dungeon, and saw 1 of its levels.

You collected 14 gold pieces.

Inventory:

Hand Weapons
 a - a +2 dagger (weapon)
Scrolls
 b - a scroll of fear
 c - 2 scrolls of remove curse {unknown}
 e - a scroll of identify {unknown}
 g - a scroll of teleportation {unknown}
Comestibles
 d - a chunk of flesh
 f - 2 rations


   Skills:
 + Level 0.3 Fighting
 * Level 0.8 Dodging
 - Level 2.6 Stealth
 - Level 5.0 Spellcasting
   Level 1.0 Hexes
 + Level 0.3 Summonings
   Level 2.0 Earth Magic


You had 9 spell levels left.
You knew the following spells:

 Your Spells              Type           Power        Failure   Level  Hunger
a - Summon Small Mammal   Summ           #...         14%         1    None

Your spell library contained the following spells:

 Spells                   Type           Power        Failure   Level  Hunger
 Passwall                 Tmut/Erth      #.......     16%         2    ##.....
 Sticks to Snakes         Tmut           #.......     24%         2    ##.....
 Call Canine Familiar     Summ           #.......     38%         3    ###....


Dungeon Overview and Level Annotations

Branches:
Dungeon (1/15)

Altars:


Innate Abilities, Weirdness & Mutations

You cannot wear most types of armour.
You are very stealthy in the water. (Stealth+)
You are amphibious.
You can wear up to eight rings at the same time.
You can use your tentacles to constrict eight enemies at once.
Your skin changes colour to match your surroundings (Stealth+).
Your rubbery body absorbs attacks. (AC +1, EV +1)


Message History

You hit the frilled lizard.
You kill the frilled lizard!
No target in view!
A kobold comes into view. It is wielding a whip.
You see here a frilled lizard corpse.
A kobold is nearby!
A kobold is nearby!
Found 14 arrows.
The hobgoblin shouts!
You hear a shout! x2
The kobold throws a stone.
The stone hits you.
You see here a stone.
You start resting.
The kobold is too close now for your liking.
The kobold hits you with a whip.
You completely miss the kobold. Your grab misses the kobold.
Your squeeze misses the kobold. The kobold closely misses you.
You closely miss the kobold. Your grab misses the kobold.
The kobold hits you with a whip.
Ouch! That really hurt!
You die...

♣ ♣PP.....#
≈♣P♣≈P.....#
≈≈≈P≈P.....+
P.P≈K......########+##
..g.....(#...##....(.#
##+###K...#.##......#
#..%†...'......#
#######
#+#.####.##......#
+.....# #@Kg#
#.....##### #.....#
#.### #.....#
#..>..###.# #.....#
#..<..#.#.### #.....#
#.....#.#.'.# ##..###
#+###'#.#'#.######.##
#.....#.........#
###.######......#
........# #......##


You could see a hobgoblin and a kobold.

Vanquished Creatures
  A bat (D:1)
  A goblin (D:1)
  A frilled lizard (D:1)
  3 rats (D:1)
6 creatures vanquished.

Notes
Turn   | Place    | Note
-------+----------+-------------------------------------------
     0 | D:1      | iamserjio the Octopode Wanderer began the quest for the
                  | Orb.
     0 | D:1      | iamserjio set off with: a +2 dagger, a scroll of fear, a
                  | ration
     0 | D:1      | Reached XP level 1. HP: 11/11 MP: 6/6
     2 | D:1      | Learned a level 1 spell: Summon Small Mammal
   236 | D:1      | Slain by a kobold

Vault maps used:
D:1:      shiori_arrival_maze, serial_bayou_pond_c

Action                   || total
-------------------------++-------
Melee: Dagger            ||    13
       Constrict         ||     3
       Tentacles         ||     1
 Stab: Sleeping          ||     1
Armor: Skin              ||     2
Dodge: Dodged            ||    11

Table legend:
 A = Non-vault XP
 B = Vault XP
 C = Vault XP percentage of total XP
 D = Non-vault monster count
 E = Vault monster count
 F = Vault count percentage of total count
                 A         B        C        D         E       F
            +---------+---------+-------+---------+---------+-------
      Total |       8 |       0 |   0.0 |       6 |       0 |   0.0
            +---------+---------+-------+---------+---------+-------
        D:1 |       8 |       0 |   0.0 |       6 |       0 |   0.0
            +---------+---------+-------+---------+---------+-------
